wizbiz, neutral female human Wizard ------- |%!.!.| ------------ ------ |%*...| ###...........| |....| |?%.?.| |..........| |....| |%)!!!| #-@.........| |....| |??).=| ---------- ###.[.........| #-....| |%[...| |........| # |..........| ###|....| -----|- #..<......-### -..-------|- # --.--- # ###|........| ## # ### ### # # |........| # ### # # # ### ---------- ### # ### ### # # ##[# # # # # ### ### ## ---.--# ## # ---.-- |*...|# ### ### |....| |.>(..# ---.-.---# |....| |....| |.......|# |....| ------ ....>....# |...{| --------- -|---- # wizbiz the Thaumaturge Experience level: 6 Strength: 12 Dexterity: 12 Constitution: 15 Intelligence: 18 Wisdom: 11 Charisma: 11 Health: 0(43) Energy: 3(54) Def: 5 Gold: 428 Moves: 5988 Dungeon seed: SDQeBZBVzNj9LNah Game ID: wizbiz_1526009017 Your Inventory: Coins $ - 428 gold pieces Amulets S - an uncursed amulet versus poison Weapons J - 11 +0 darts R - a blessed +1 quarterstaff (weapon in hands) Armor e - an uncursed +1 cloak of magic resistance (being worn) n - an uncursed +0 dwarvish cloak q - an uncursed +0 leather armor (being worn) r - an uncursed +0 helmet (being worn) Comestibles l - an uncursed egg v - an uncursed pancake U - 2 uncursed food rations Spellbooks L - an uncursed spellbook of create monster W - an uncursed spellbook of wizard lock Potions i - an uncursed potion of healing p - an uncursed potion of extra healing I - an uncursed potion of confusion T - an uncursed potion of see invisible Rings V - an uncursed ring of polymorph control Wands b - a wand of digging (0:5) o - a blessed wand of lightning (0:6) Tools a - an uncursed oilskin sack j - 3 cursed tallow candles (0:200) k - a cursed wax candle (0:400) m - a magic marker (0:99) K - 2 uncursed tallow candles (0:200) X - an uncursed skeleton key Z - an uncursed leash Gems y - an uncursed worthless piece of black glass Contents of the oilskin sack: an uncursed scroll of amnesia an uncursed scroll of create monster an uncursed scroll of food detection a blessed spellbook of force bolt an uncursed spellbook of protection a cursed potion of booze a cursed potion of hallucination an uncursed potion of healing 2 uncursed potions of water an uncursed lock pick an uncursed worthless piece of yellow glass Spells and supernatural/magical abilities: Name Level Category Fail Memory a - force bolt 1 attack 0% 71% p - protection 1 clerical 0% 71% w - wizard lock 2 matter 59% 92% O - create monster 2 clerical 59% 98% W - pray for help -- divine ? -- Your skills at the end: Fighting Skills Weapon Skills quarterstaff [Basic] Spellcasting Skills attack spells [Skilled] enchantment spells [Basic] Final Attributes: You were piously aligned. You were magic-protected. You are dead. Vanquished creatures: 2 small mimics a dingo a blue jelly a gnome mummy 6 Uruk-hai 2 rock piercers a rock mole a pony a fog cloud 2 gnome lords a gnomish wizard a kobold mummy 2 kittens 3 dwarves 3 homunculi a kobold lord 3 rothes a centipede 4 giant bats 2 dwarf zombies 2 werejackals 4 iguanas an acid blob 2 coyotes a gas spore 4 hobbits 8 manes 8 giant rats a cave spider 2 yellow molds a red mold 8 gnomes a gnome zombie 6 geckos 8 jackals 2 foxes a kobold 2 goblins 2 sewer rats 14 grid bugs 7 lichens a kobold zombie 3 newts 128 creatures vanquished. Voluntary challenges: You had followed a strict vegan diet until turn 2562. You had followed a strict vegetarian diet until turn 2562. You used a wielded weapon 95 times, starting on turn 160. You read items or engraved 7 times, starting on turn 1. You never genocided any monsters. You never polymorphed an object. You never changed form. You used no wishes. You never split a pudding. You never wrote Elbereth's name. You never violated your personal moral code. Dungeon overview: The Dungeons of Doom: levels 1 to 6 Level 1 an altar to Thoth, a fountain, a sink a long staircase Level 2 a general store Level 3 <- You were here a general store, a fountain stairs to The Gnomish Mines Level 4 a weapon shop Level 5 Level 6 many fountains The Gnomish Mines: Level 4 stairs to The Dungeons of Doom History has recorded: On T:1 you entered the Dungeons of Doom to retrieve the Amulet of Yendor! On T:283 you reached level 2 of The Dungeons of Doom. On T:873 you advanced to experience level 2. On T:1157 you reached level 3 of The Dungeons of Doom. On T:1500 you advanced to experience level 3. On T:1962 you reached level 4 of The Dungeons of Doom. On T:2205 you advanced to experience level 4. On T:2211 you reached level 5 of The Dungeons of Doom. On T:2905 you reached level 6 of The Dungeons of Doom. On T:3114 you advanced to experience level 5. On T:4549 you advanced to experience level 6. On T:4626 you reached level 1 of The Gnomish Mines. Score breakdown: Gold: 428 ( 8954 points) Experience: 6 levels (12456 points) Exploration: 6 levels ( 12.24%) ( 9682 points) Discoveries: 12 items ( 4.17%) ( 6123 points) Valuables value: (no points given unless you survive) Artifact value: 0 ( 0 points) Variety of kills: 43 monsters ( 11.29%) (10078 points) Turncount: 5988 turns (-1621 points) Survival: died (score multiplied by 80%) Total score: 36537 Latest messages: The spell hits the rock mole. You miss the rock mole. (3x) The rock mole bites! You hit the rock mole. You miss the rock mole. The spell misses the rock mole. The spell hits the manes! You destroy the manes! You miss the rock mole. (2x) You hear the footsteps of a guard on patrol. The rock mole misses. You miss the rock mole. You hit the rock mole. You kill the rock mole! The bolt of lightning hits you! Your ring of slow digestion turns to dust and vanishes! Your ring of poison resistance turns to dust and vanishes! You die... Final status: Goodbye wizbiz the Wizard, killed by a bolt of lightning... You died in The Dungeons of Doom on dungeon level 3 with 36537 points, and 428 pieces of gold, after 5988 moves. You were level 6 with a maximum of 43 hit points when you died.